 Dungeon Crawl Stone Soup version 0.31-a0-1447-g87ca8d402b (webtiles) character file.

Game seed: 17587264909785866064

2067 gruber the Destroyer (level 9, -2/62 HPs)
             Began as a Grey Draconian Conjurer on Dec 27, 2023.
             Was a Follower of Vehumet.
             Incinerated by a bombardier beetle (6 damage)
             ... with a burning spray
             ... on level 7 of the Dungeon.
             The game lasted 00:08:25 (5337 turns).

gruber the Destroyer (Grey Draconian Conjurer)      Turns: 5337, Time: 00:08:26

Health: -2/62      AC: 15    Str:  9    XL:     9   Next: 5%
Magic:  19/19      EV: 12    Int: 24    God:    Vehumet [*.....]
Gold:   275        SH:  0    Dex:  9    Spells: 15/22 levels left

rFire   . . .        h - +2 sling (drain)
rCold   . . .        (no shield)
rNeg    . . .        (body armour unavailable)
rPois   .            (helmet restricted)
rElec   .            e - +0 cloak
rCorr   +            n - +0 pair of gloves
SInv    .            f - +0 pair of boots
Will    .....        r - amulet of magic regeneration
Stlth   +            l - ring of wizardry
HPRegen 0.30/turn    q - ring of resist corrosion
MPRegen 0.56/turn

%: wizardry (x1)
@: on fire, glowing, studying Staves
A: AC +12, amphibious, unfitting armour, cold-blooded
a: Renounce Religion


You were on level 7 of the Dungeon.
You worshipped Vehumet.
Vehumet was aware of your devotion.
You visited 2 branches of the dungeon, and saw 8 of its levels.

You collected 275 gold pieces.

Inventory:

Hand Weapons
 g - a +0 short sword
 h - a +2 sling of draining (weapon)
Missiles
 x - 5 curare-tipped darts
Armour
 e - a +0 cloak (worn)
 f - a +0 pair of boots (worn)
 n - a +0 pair of gloves (worn)
 A - a +2 buckler
Jewellery
 l - a ring of wizardry (left hand)
 q - a ring of resist corrosion (right hand)
 r - an amulet of magic regeneration (around neck)
Wands
 t - a wand of mindburst (10)
 z - a wand of acid (4)
Scrolls
 b - 4 scrolls of amnesia {unknown}
 c - 8 scrolls of identify {unknown}
 j - 2 scrolls of enchant weapon {unknown}
 o - 3 scrolls of teleportation {unknown}
 p - a scroll of noise {unknown}
 u - a scroll of enchant armour {unknown}
 y - a scroll of brand weapon {unknown}
Potions
 a - a potion of magic
 d - a potion of haste {unknown}
 i - a potion of attraction {unknown}
 k - 2 potions of heal wounds {unknown}
 s - a potion of brilliance {unknown}
 v - a potion of resistance {unknown}
 w - 2 potions of berserk rage {unknown}


   Skills:
 - Level 1.7 Dodging
 - Level 1.7 Stealth
 * Level 7.2 Spellcasting
 - Level 10.1 Conjurations


You had 15 spell levels left.
You knew the following spells:

 Your Spells              Type           Power      Damage    Failure   Level
a - Magic Dart            Conj           100%       1d8       1%          1
b - Searing Ray           Conj           100%       2d8       1%          2
c - Iskenderun's Mystic   Conj/Tloc      32%        2d8       3%          4

Your spell library contained the following spells:

 Spells                   Type           Power      Damage    Failure   Level
 Kiss of Death            Conj/Necr      100%       2d13      1%          1
 Fulminant Prism          Conj/Alch      16%        3d10      3%          4
 Ensorcelled Hibernation  Hex/Ice        16%        N/A       4%          2
 Fugue of the Fallen      Necr           8%         N/A       9%          3
 Anguish                  Hex/Necr       4%         N/A       26%         4


Dungeon Overview and Level Annotations

Branches:
Dungeon (8/15)             Temple (1/1) D:4
   Lair: D:8-11

Altars:
Ashenzari
Cheibriados
Dithmenos
Elyvilon
Fedhas
Gozag
Makhleb
Nemelex Xobeh
Qazlal
Ru
Trog
Vehumet
Xom
The Shining One


Innate Abilities, Weirdness & Mutations

Your dull iron-grey scales are very hard. (AC +12)
You are amphibious.
You cannot fit into any form of body armour.
You are cold-blooded and may be slowed by cold attacks.


Message History

The liquid fire burns you!
The searing ray hits the bombardier beetle!
You kill the bombardier beetle!
Vehumet accepts your kill.
You finish channelling your searing ray.
The liquid fire burns you!
Unknown command.
Unknown command.
The magic dart hits the orc wizard.
The orc wizard is moderately wounded.
The liquid fire burns you!
The magic dart hits the orc wizard.
The orc wizard is severely wounded.
The liquid fire burns you!
The magic dart hits the orc wizard!
You kill the orc wizard!
Vehumet accepts your kill. The liquid fire burns you!
You can't see any susceptible monsters within range! (Use Z to cast anyway.)
You are on fire!
The liquid fire burns you! The liquid fire burns you!
The liquid fire burns you! The liquid fire burns you!
* * * LOW HITPOINT WARNING * * *
The liquid fire burns you!
* * * LOW HITPOINT WARNING * * *
The liquid fire burns you!
* * * LOW HITPOINT WARNING * * *
The liquid fire burns you!
* * * LOW HITPOINT WARNING * * *
The liquid fire burns you!
* * * LOW HITPOINT WARNING * * *
The liquid fire burns you!
* * * LOW HITPOINT WARNING * * *
You feel better. The liquid fire burns you!
* * * LOW HITPOINT WARNING * * *
The liquid fire burns you!
You die...

.... .#. ...
.. ###.#####
.
#.......#...
#.........#
#...@[..#
#...).).#
#....)).#
#......)..
#...).......
#...........
#...........
###.........


There were no monsters in sight!

Vanquished Creatures
  A wyvern (D:8)
  Eustachio (D:4)
  2 steam dragons (D:8)
  Edmund (D:4)
  Duvessa (D:4)
  2 black bears
  An orc warrior (D:7)
  A centaur (D:8)
  A phantom (D:5)
  A bullfrog (D:8)
  2 scorpions
  Dowan (D:4)
  A killer bee (D:8)
  A howler monkey (D:8)
  3 bombardier beetles
  2 orc priests (D:7)
  2 hounds
  An iguana (D:5)
  Natasha (thrice) (D:4)
  2 orc wizards
  Robin (Temple)
  4 gnolls (D:7)
  3 adders
  A white imp (D:8)
  3 worms
  2 dart slugs
  14 orcs
  4 bats
  6 endoplasms
  2 giant cockroaches
  18 goblins
  6 hobgoblins
  4 jackals (D:3)
  2 quokkas
  2 ball pythons
  3 frilled lizards
  7 kobolds (D:1)
  2 rats (D:1)
114 creatures vanquished.

Notes
Turn   | Place    | Note
-------+----------+-------------------------------------------
     0 | D:1      | gruber the Draconian Conjurer began the quest for the Orb.
     0 | D:1      | Reached XP level 1. HP: 14/14 MP: 3/3
   303 | D:1      | Reached XP level 2. HP: 20/20 MP: 3/5
  1363 | D:2      | Reached skill level 5 in Conjurations
  1445 | D:2      | Reached XP level 3. HP: 7/26 MP: 3/6
  1554 | D:2      | Found a faded altar of an unknown god.
  1567 | D:2      | Learned a level 2 spell: Searing Ray
  1838 | D:3      | Found an opulent altar of Gozag.
  2018 | D:3      | Noticed a scorpion
  2030 | D:3      | Killed a scorpion
  2031 | D:3      | Reached skill level 6 in Conjurations
  2031 | D:3      | Reached XP level 4. HP: 5/33 MP: 0/7
  2141 | D:3      | Reached XP level 5. HP: 38/38 MP: 5/8
  2463 | D:4      | Noticed Edmund
  2492 | D:4      | Killed Edmund
  2493 | D:4      | Reached skill level 7 in Conjurations
  2493 | D:4      | Reached XP level 6. HP: 29/45 MP: 2/9
  2627 | D:4      | Found a staircase to the Ecumenical Temple.
  2662 | D:4      | Noticed Eustachio
  2669 | Temple   | Entered the Ecumenical Temple
  2706 | Temple   | Learned a level 4 spell: Iskenderun's Mystic Blast
  2707 | D:4      | Noticed Robin
  2734 | Temple   | Killed Robin
  2818 | D:4      | Killed Eustachio
  2819 | D:4      | Reached skill level 8 in Conjurations
  3105 | D:4      | Your scales start taking on a dull iron-grey colour.
  3105 | D:4      | Reached XP level 7. HP: 50/50 MP: 4/10
  3134 | D:4      | Noticed Natasha
  3137 | D:4      | Killed Natasha
  3201 | D:4      | Found a blossoming altar of Fedhas.
  3201 | D:4      | Found a radiant altar of Vehumet.
  3211 | D:4      | Became a worshipper of Vehumet
  3328 | D:4      | Identified the +2 robe of the Sky {Dex+5}
  3410 | D:4      | Noticed Duvessa
  3412 | D:4      | Noticed Dowan
  3420 | D:4      | Reached skill level 9 in Conjurations
  3423 | D:4      | Killed Duvessa
  3429 | D:4      | Killed Dowan
  3588 | D:4      | Noticed Natasha
  3590 | D:4      | Killed Natasha
  3694 | D:5      | Entered Level 5 of the Dungeon
  4003 | D:4      | Noticed Natasha
  4007 | D:4      | Killed Natasha
  4264 | D:5      | Reached skill level 10 in Conjurations
  4293 | D:5      | Reached XP level 8. HP: 57/57 MP: 11/11
  4428 | D:5      | You fall into a shaft and drop 3 floors!
  4469 | D:8      | Found a white marble altar of Elyvilon.
  4642 | D:8      | Reached skill level 5 in Spellcasting
  4963 | D:7      | Noticed a hornet
  5132 | D:7      | Reached * piety under Vehumet
  5132 | D:7      | Offered knowledge of Kiss of Death by Vehumet.
  5133 | D:7      | Reached XP level 9. HP: 49/62 MP: 4/19
  5335 | D:7      | HP: 2/62 [burnt (4)]
  5337 | D:7      | Incinerated by a bombardier beetle

Illustrated notes

Levels and vault maps discovered:
D:1:      dpeg_arrival_rooms_with_view, layout_loops_ring,
          minmay_misc_feat_diagonals, minivault_19
D:2:      layout_basic, ebering_ecumenical_altar_petrified
D:3:      layout_basic, mainiacjoe_overflow_catwalk
D:4:      layout_basic, gammafunk_temple_overflow_statue,
          minmay_temple_entry_wispy, uniq_duvessa, uniq_robin, uniq_edmund,
          uniq_eustachio, uniq_natasha
D:5:      layout_basic, nicolae_houndstooth_variations
D:7:      layout_rooms
D:8:      layout_basic, elyvilon_altar_1, lemuel_blue_sif_altar,
          minmay_lair_entry_lava, minmay_diced_spiral
Temple:   compressed_dpeg_circular_temple

Skill      XL: |  1  2  3  4  5  6  7  8  9 |
---------------+----------------------------+-----
Conjurations   | 5 6 7 8 10 | 10.1
Spellcasting   | 6 7 |  7.2
Dodging        | |  1.7
Stealth        | |  1.7

Action                     |  1- 3 |  4- 6 |  7- 9 || total
---------------------------+-------+-------+-------++-------
  Melee: Unarmed           |    29 |       |       ||    29
         Tailslap          |     3 |       |       ||     3
   Fire: Sling             |    32 |    31 |    47 ||   110
   Cast: Magic Dart        |    64 |    17 |    21 ||   102
         Searing Ray       |       |    15 |    28 ||    43
         Iskenderun's Myst |       |     3 |    12 ||    15
    Use: Potion            |       |     1 |     1 ||     2
 Armour: Skin              |    31 |    77 |    64 ||   172
  Dodge: Dodged            |    38 |    53 |    49 ||   140

Table legend: (Time is in decaauts)
 A = Elapsed time spent in this place.
 B = Non-inter-level travel time spent in this place.
 C = Inter-level travel time spent in this place.
 D = Time resting spent in this place.
 E = Time spent auto-exploring this place.
 F = Levels seen in this place.
 G = Mean time per level.
                   A        B        C        D        E       F      G
               +--------+--------+--------+--------+--------+-----+--------+
         Total |   5386 |   4819 |    567 |    618 |   3409 |   8 |  673.2 |
       Dungeon |   5268 |   4701 |    567 |    534 |   3409 |   7 |  752.6 |
        Temple |    118 |    118 |      0 |     84 |      0 |   1 |  118.0 |
               +--------+--------+--------+--------+--------+-----+--------+

Top non-repeatable levels by time:
     D:4: 1506 daAuts
     D:1: 1301 daAuts
     D:8: 861 daAuts
     D:3: 664 daAuts
     D:2: 469 daAuts
     D:5: 406 daAuts
  Temple: 118 daAuts
     D:7: 58 daAuts
